[Event "Team 45 45 League T39"]
[Site "Internet Chess Club"]
[Date "2008.11.15"]
[Round "4"]
[White "Fegary"]
[Black "Klampin"]
[Result "1-0"]
[WhiteElo "2139"]
[BlackElo "1969"]
[Opening "Caro-Kann: advance variation"]
[ECO "B12"]
[Time "12:00:13"]
[TimeControl "2700+45"]

1. e4 c6 2. d4 d5 3. e5 Bf5 4. Nf3 e6 5. Be2 Ne7 6. Nh4 Nd7 7. O-O c5 8. Nc3
cxd4 9. Nb5 Nxe5 10. Bf4 Qb8 11. Qxd4 N7c6 12. Qc3 f6 13. Nxf5 exf5 14. Rad1 a6
15. Nd4 Qc7 16. Nxf5 Qd7 17. Bxe5 fxe5 18. Ne3 Nd4 19. Rxd4 exd4 20. Qxd4 Bd6
21. Bg4 Qc7 22. Nxd5 Bxh2+ 23. Kh1 Qe5 24. Qb4 Qxd5 25. Re1+ Be5 26. Qf4 Kd8 27.
Rxe5 Qc6 28. Re6 Qc5 29. Rd6+ Ke8 30. Rd7 {Black resigns} 1-0

[Event "Team 45 45 League T39"]
[Site "Internet Chess Club"]
[Date "2008.11.13"]
[Round "4"]
[White "superbeast"]
[Black "qs16"]
[Result "0-1"]
[WhiteElo "1642"]
[BlackElo "1752"]
[Opening "English: Caro-Kann defensive system"]
[ECO "A11"]
[Time "16:15:10"]
[TimeControl "2700+45"]

1. c4 c6 2. g3 d5 3. Bg2 e6 4. Nf3 Nf6 5. O-O Be7 6. a4 O-O 7. Na3 a6 8. d4 Bxa3
9. Rxa3 dxc4 10. a5 Nbd7 11. b4 cxb3 12. Qxb3 Nd5 13. e4 Nc7 14. Be3 Nb5 15. Ra4
h6 16. Rd1 Nf6 17. Ne5 Kh8 18. d5 cxd5 19. exd5 Nxd5 20. Bxd5 exd5 21. Bc5 Be6
22. Bxf8 Qxf8 23. Rf4 Qe7 24. Qf3 Kg8 25. Re1 Nd6 26. Nd3 Ne4 27. Ne5 Ng5 28.
Qh5 Nh3+ 29. Kh1 Nxf4 30. gxf4 Qf6 31. Nd3 Rc8 32. Rg1 Rc3 33. Rg3 Bf5 34. Ne5
Be4+ 35. f3 Bf5 36. Ng4 Bxg4 37. fxg4 Qxf4 38. Rxc3 Qf1# {White checkmated} 0-1

[Event "Team 45 45 League T39"]
[Site "Internet Chess Club"]
[Date "2008.11.15"]
[Round "4"]
[White "oldsj"]
[Black "rayonline53"]
[Result "1-0"]
[WhiteElo "1596"]
[BlackElo "1414"]
[Opening "Pirc: classical (two knights) system"]
[ECO "B08"]
[Time "10:00:09"]
[TimeControl "2700+45"]

1. e4 d6 2. d4 Nf6 3. Nc3 g6 4. Nf3 Bg7 5. Bc4 O-O 6. O-O Nbd7 7. Re1 e5 8. dxe5
Nxe5 9. Nxe5 dxe5 10. Bg5 c6 11. Qf3 Qe7 12. Rad1 Be6 13. Bxe6 Qxe6 14. Rd3 Rad8
15. Red1 Qe7 16. Na4 Rxd3 17. Rxd3 Rd8 18. b3 Rxd3 19. Qxd3 Qd7 20. Nc5 Qxd3 21.
cxd3 b6 22. Nb7 Ne8 23. Kf1 f6 24. Be3 Kf8 25. Nd8 c5 26. Ne6+ Kf7 27. Nxg7 Nxg7
28. Ke2 Ne6 29. Kd2 Ke7 30. Kc3 Kd6 31. Kc4 Kc6 32. a4 g5 33. f3 h6 34. g3 a6
35. Kc3 Nd4 36. Bxd4 cxd4+ 37. Kc4 b5+ 38. axb5+ axb5+ 39. Kb4 Kb6 40. g4 Ka6
41. Kc5 Ka5 42. h3 {Black resigns} 1-0

[Event "Team 45 45 League T39"]
[Site "Internet Chess Club"]
[Date "2008.11.13"]
[Round "4"]
[White "nursey"]
[Black "rom1"]
[Result "0-1"]
[WhiteElo "1613"]
[BlackElo "1586"]
[Opening "Alekhine's defense: modern variation, 4...Bg4"]
[ECO "B05"]
[Time "13:53:18"]
[TimeControl "2700+45"]

1. e4 Nf6 2. e5 Nd5 3. d4 d6 4. Nf3 Bg4 5. Be2 e6 6. c4 Nb6 7. Bg5 Be7 8. Bxe7
Qxe7 9. Nbd2 dxe5 10. Nxe5 Bxe2 11. Qxe2 N8d7 12. O-O O-O 13. Rfe1 c6 14. Ndf3
Rad8 15. Rad1 Nxe5 16. Nxe5 Nd7 17. f4 Nxe5 18. fxe5 Rd7 19. Rd3 Rfd8 20. Red1
b6 21. b3 Qf8 22. Qf3 Qa3 23. R3d2 Rc8 24. g4 Qe7 25. a4 a5 26. Qf4 f6 27. exf6
Qxf6 28. Qg3 Rf8 29. Rd3 Qf4 30. Qxf4 Rxf4 31. h3 Rdf7 32. Re1 R7f6 33. Kg2 Kf7
34. Kg3 Rf1 35. Rde3 Rxe1 36. Rxe1 h6 37. h4 g5 38. hxg5 hxg5 39. Rh1 Rf4 40.
Rh7+ Kf6 41. Rd7 Re4 42. Rd6 Ke7 43. Rxc6 Rxd4 44. Rxb6 e5 45. Kf3 Kd7 46. Rb5
Rf4+ 47. Kg3 e4 48. Rxg5 Rf3+ 49. Kh4 Rxb3 50. Rd5+ Ke6 51. Rxa5 e3 52. Ra8 Ke7
53. Ra7+ Ke6 54. a5 e2 {White resigns} 0-1

[Event "Team 45 45 League T39"]
[Site "Internet Chess Club"]
[Date "2008.11.15"]
[Round "4"]
[White "Ianjo"]
[Black "GambitBandit"]
[Result "0-1"]
[WhiteElo "1809"]
[BlackElo "2107"]
[Opening "Scandinavian defense"]
[ECO "B01"]
[Time "14:00:13"]
[TimeControl "2700+45"]

1. e4 d5 2. exd5 Nf6 3. d4 Bg4 4. Be2 Bxe2 5. Nxe2 Qxd5 6. O-O Nc6 7. Nbc3 Qf5
8. Ng3 Qg6 9. Qf3 O-O-O 10. Be3 e6 11. Nce2 h5 12. c4 h4 13. Nf4 Qg4 14. Qxg4
Nxg4 15. Nge2 e5 16. Nd5 exd4 17. Bd2 h3 18. g3 Nce5 19. Bf4 Nf3+ 20. Kh1 Nfxh2
21. f3 Nxf1 22. fxg4 Ne3 23. Nxc7 d3 24. Bxe3 dxe2 25. Nd5 Bd6 26. Re1 Bxg3 27.
Rxe2 Rhe8 28. Rc2 Kb8 29. Bf2 Bxf2 30. Rxf2 f6 31. Kh2 Re4 32. b3 Rxg4 33. Re2
Rh8 34. a4 f5 35. Rf2 g6 36. a5 Re4 {White resigns} 0-1

[Event "Team 45 45 League T39"]
[Site "Internet Chess Club"]
[Date "2008.11.16"]
[Round "4"]
[White "kidviper"]
[Black "LuxAeterna"]
[Result "1/2-1/2"]
[WhiteElo "1730"]
[BlackElo "1813"]
[Opening "Caro-Kann: classical, Spassky variation"]
[ECO "B19"]
[Time "13:54:42"]
[TimeControl "2700+45"]

1. e4 c6 2. d4 d5 3. Nc3 dxe4 4. Nxe4 Bf5 5. Ng3 Bg6 6. h4 h6 7. Nf3 Nd7 8. h5
Bh7 9. Bd3 Bxd3 10. Qxd3 Qc7 11. Bd2 e6 12. O-O-O O-O-O 13. Qe2 Ngf6 14. Ne5
Nxe5 15. dxe5 Nd5 16. c4 Nb4 17. Bxb4 Bxb4 18. a3 Be7 19. Rhe1 Qb6 20. Ne4 Qb3
21. Qc2 Qb6 22. Qe2 Rd4 23. Rxd4 Qxd4 24. f4 Rd8 25. Rd1 Qb6 26. Rxd8+ Bxd8 27.
Nd6+ Kb8 28. Nxf7 Be7 29. Qg4 Qe3+ 30. Kc2 Qe4+ 31. Kc3 Qe3+ 32. Kc2 Qe4+ 33.
Kc3 {Game drawn by mutual agreement} 1/2-1/2

[Event "Team 45 45 League T39"]
[Site "Internet Chess Club"]
[Date "2008.11.15"]
[Round "4"]
[White "raimundo"]
[Black "GtoG"]
[Result "1-0"]
[WhiteElo "1770"]
[BlackElo "1695"]
[Opening "QGD Slav: 3.Nf3"]
[ECO "D11"]
[Time "10:03:27"]
[TimeControl "2700+45"]

1. d4 d5 2. c4 c6 3. Nf3 Nf6 4. g3 Bf5 5. Nc3 e6 6. b3 Bb4 7. Bd2 Nbd7 8. Bg2
Ne4 9. Nxe4 Bxd2+ 10. Nexd2 dxc4 11. bxc4 O-O 12. O-O Nf6 13. Re1 Qd7 14. e4 Bg4
15. h3 Bh5 16. e5 Ne8 17. Ne4 f5 18. Nc5 Qe7 19. Qb3 Rb8 20. Nd3 g5 21. d5 cxd5
22. cxd5 exd5 23. Qxd5+ Kh8 24. e6 Rd8 25. Qb3 Ng7 26. Nxg5 Rxd3 27. Qxd3 Qxg5
28. Bxb7 Qe7 29. Qd7 Qxd7 30. exd7 Rd8 31. Re7 Bg6 32. Rc1 Be8 33. dxe8=Q+ Nxe8
34. Rc8 Rxc8 35. Bxc8 Nd6 36. Rxa7 Nxc8 37. Ra8 Kg7 38. Rxc8 Kf6 39. f4 h5 40.
Rc6+ Kg7 41. a4 Kf7 42. a5 Ke7 43. a6 Kd7 44. Rh6 Kc7 45. a7 Kb7 46. Rh7+ Ka8
47. Rxh5 Kxa7 48. Rxf5 Kb7 49. h4 Kc7 50. h5 Kd7 51. h6 Ke7 52. h7 Ke6 53. g4
Ke7 54. h8=Q Ke6 55. Qh6+ Ke7 56. Qg7+ Ke6 57. Qg6+ Ke7 58. Rf7+ {Black resigns}
1-0

[Event "Team 45 45 League T39"]
[Site "Internet Chess Club"]
[Date "2008.11.17"]
[Round "4"]
[White "chesskix"]
[Black "catrasca"]
[Result "0-1"]
[WhiteElo "1605"]
[BlackElo "1621"]
[Opening "Dutch defense"]
[ECO "A40"]
[Time "20:00:19"]
[TimeControl "2700+45"]

1. d4 e6 2. c4 f5 3. Nf3 Nf6 4. Nc3 Be7 5. Bf4 d6 6. g3 O-O 7. Bg2 Qe8 8. a3
Nbd7 9. Nb5 Bd8 10. Rc1 e5 11. dxe5 dxe5 12. Bd2 a6 13. Nc3 Rb8 14. O-O c5 15.
e3 e4 16. Ne1 Ne5 17. Nd5 Be6 18. Nxf6+ Bxf6 19. b3 Rd8 20. Qc2 Rf7 21. Ba5 Rdd7
22. f4 Ng4 23. Bd2 Qd8 24. Bxe4 Rxd2 25. Qxd2 Qxd2 26. Nf3 Qxe3+ 27. Kg2 Qxe4
28. Rce1 Ne3+ 29. Rxe3 Qxe3 30. Kh3 Qe2 {White resigns} 0-1

[Event "Team 45 45 League T39"]
[Site "Internet Chess Club"]
[Date "2008.11.13"]
[Round "4"]
[White "alastorx"]
[Black "siddhu"]
[Result "1-0"]
[WhiteElo "1917"]
[BlackElo "1742"]
[Opening "Colle system"]
[ECO "D05"]
[Time "11:02:23"]
[TimeControl "2700+45"]

1. d4 d5 2. Nf3 Nf6 3. e3 e6 4. Bd3 c5 5. c3 Nc6 6. Nbd2 b6 7. O-O Bd6 8. Qe2
O-O 9. e4 dxe4 10. Nxe4 Nxe4 11. Qxe4 {Black resigns} 1-0

[Event "Team 45 45 League T39"]
[Site "Internet Chess Club"]
[Date "2008.11.18"]
[Round "4"]
[White "NFK"]
[Black "ZombieKnight"]
[Result "1-0"]
[WhiteElo "1667"]
[BlackElo "1725"]
[Opening "Scandinavian (center counter) defense"]
[ECO "B01"]
[Time "14:44:20"]
[TimeControl "2700+45"]

1. e4 d5 2. exd5 Qxd5 3. Nc3 Qa5 4. d4 c6 5. Bc4 Nf6 6. Nf3 Bf5 7. Bd2 e6 8. Ne4
Qd8 9. Ng3 Bg4 10. c3 Be7 11. h3 Bxf3 12. Qxf3 Nbd7 13. O-O O-O 14. Rfe1 Nd5 15.
Re2 Bg5 16. Rae1 Bxd2 17. Rxd2 Qc7 18. Rde2 N7f6 19. Bd3 Nf4 20. Re5 Nxd3 21.
Qxd3 Rad8 22. Nh5 Nd7 23. Rg5 g6 24. Qe3 Kh8 25. Nf4 h6 26. Nxg6+ fxg6 27. Rxg6
Qf4 28. Rxh6+ Kg7 29. Rxe6 Qxe3 30. R1xe3 Rf7 31. Rg3+ Kf8 32. Rh6 Ke7 33. Re3+
{Black resigns} 1-0

[Event "Team 45 45 League T39"]
[Site "Internet Chess Club"]
[Date "2008.11.18"]
[Round "4"]
[White "budugu"]
[Black "BrerRabbit"]
[Result "1-0"]
[WhiteElo "1524"]
[BlackElo "1628"]
[Opening "French defense"]
[ECO "C00"]
[Time "21:05:50"]
[TimeControl "2700+45"]

1. e4 e6 2. Nf3 d5 3. exd5 exd5 4. d4 Bd6 5. c4 c6 6. Nc3 Ne7 7. Bg5 h6 8. Bh4
Bf5 9. Bd3 Bxd3 10. Qxd3 O-O 11. O-O dxc4 12. Qxc4 g5 13. Bg3 Bxg3 14. fxg3 Nd7
15. Rad1 Nb6 16. Qb3 Rb8 17. Ne5 Ned5 18. Ne4 Nd7 19. Nd6 f6 20. Ng6 Qc7 21.
Ne7+ Kh7 22. Qd3+ Kh8 23. Ndf5 Nxe7 24. Nxe7 Rf7 25. Rde1 Nb6 26. Nf5 Nd5 27.
Re2 Qd7 28. Rfe1 h5 29. Nh6 Rff8 30. Qg6 h4 31. Qh5 Kg7 32. Re7+ Nxe7 33. Rxe7+
Qxe7 34. Nf5+ Kg8 35. Nxe7+ Kg7 36. Nf5+ Kg8 37. Qg6+ Kh8 38. Nh6 Rbd8 39. Nf7+
Rxf7 40. Qxf7 Rxd4 41. Qxf6+ {Black resigns} 1-0

[Event "Team 45 45 League T39"]
[Site "Internet Chess Club"]
[Date "2008.11.18"]
[Round "4"]
[White "Ehab"]
[Black "MRX"]
[Result "1-0"]
[WhiteElo "1914"]
[BlackElo "1692"]
[Opening "Sicilian: dragon variation"]
[ECO "B70"]
[Time "14:01:06"]
[TimeControl "2700+45"]

1. e4 c5 2. Nf3 d6 3. d4 cxd4 4. Nxd4 Nf6 5. Nc3 g6 6. Bg5 Bg7 7. Qd2 Nc6 8. Nb3
O-O 9. Bh6 Be6 10. f3 Rc8 11. g4 Ne5 12. Be2 Bc4 13. Bxg7 Bxe2 14. Qxe2 Kxg7 15.
O-O-O a5 16. h4 a4 17. Nxa4 Ra8 18. Nc3 Qd7 19. Qe3 Qc6 20. h5 Rh8 21. Nd4 Qc4
22. Nb3 Rac8 23. Kb1 b5 24. Rd4 Qc6 25. Rd2 Nc4 26. Qd4 Nxd2+ 27. Nxd2 e5 28.
Qd3 b4 29. Ne2 d5 30. exd5 Qxd5 31. Qe3 Qc5 32. h6+ Kf8 33. Qb3 Rd8 34. Kc1 Qf2
35. Qxb4+ Kg8 36. Qe7 Qb6 37. Nc4 Qe6 {Black resigns} 1-0

[Event "Team 45 45 League T39"]
[Site "Internet Chess Club"]
[Date "2008.11.14"]
[Round "4"]
[White "BotanicalKnight"]
[Black "Warpdrive"]
[Result "0-1"]
[WhiteElo "1602"]
[BlackElo "1684"]
[Opening "Alekhine's defense: Maróczy variation"]
[ECO "B02"]
[Time "20:10:09"]
[TimeControl "2700+45"]

1. e4 Nf6 2. d3 e5 3. Nc3 Be7 4. g3 d6 5. Bg2 O-O 6. f4 Bg4 7. Nf3 Nc6 8. O-O
Nd4 9. Ne2 Nxf3+ 10. Bxf3 Bxf3 11. Rxf3 Nh5 12. f5 Bg5 13. g4 Bxc1 14. Qxc1 Nf6
15. g5 Nh5 16. Rh3 g6 17. f6 Qd7 18. Qe3 Qg4+ 19. Kh1 a6 20. Rg1 Qe6 21. Qf3
Rfd8 22. Rg4 d5 23. Rxh5 gxh5 24. Rh4 dxe4 25. Qxh5 Qf5 26. Rxe4 Qg6 27. Qf3 Re8
28. h4 Kh8 29. h5 Qxg5 30. Rg4 Qxh5+ 31. Kg2 Rg8 32. Rxg8+ Rxg8+ 33. Kf2 Qxf3+
34. Kxf3 Rg6 {White resigns} 0-1

[Event "Team 45 45 League T39"]
[Site "Internet Chess Club"]
[Date "2008.11.15"]
[Round "4"]
[White "johnnyperez"]
[Black "luster-snow"]
[Result "1-0"]
[WhiteElo "1713"]
[BlackElo "1397"]
[Opening "Scotch game"]
[ECO "C45"]
[Time "20:00:46"]
[TimeControl "2700+45"]

1. e4 e5 2. Nf3 Nc6 3. d4 exd4 4. Nxd4 Nxd4 5. Qxd4 d6 6. e5 Be6 7. Bb5+ c6 8.
Bd3 d5 9. Nc3 Bb4 10. O-O Bxc3 11. bxc3 h6 12. a4 Ne7 13. Ba3 O-O 14. Qh4 Re8
15. Qh5 a6 16. a5 Rf8 17. f4 Kh8 18. f5 Bd7 19. f6 gxf6 20. Qxh6+ {Black
resigns} 1-0

[Event "Team 45 45 League T39"]
[Site "Internet Chess Club"]
[Date "2008.11.15"]
[Round "4"]
[White "PawnMorphy"]
[Black "tsia68"]
[Result "1/2-1/2"]
[WhiteElo "1844"]
[BlackElo "1863"]
[Opening "King's Indian: Andersson variation"]
[ECO "E92"]
[Time "09:30:32"]
[TimeControl "2700+45"]

1. d4 Nf6 2. c4 g6 3. Nc3 Bg7 4. e4 d6 5. Nf3 O-O 6. Be2 e5 7. dxe5 dxe5 8. Qxd8
Rxd8 9. Bg5 Re8 10. Nd5 Nxd5 11. cxd5 c6 12. Bc4 cxd5 13. Bxd5 Nd7 14. Nd2 Nb6
15. Bb3 Be6 16. Rc1 Rac8 17. Ke2 Bxb3 18. axb3 a6 19. Nc4 Nxc4 20. bxc4 f6 21.
Be3 Red8 22. f3 Kf7 23. Rhd1 Rxd1 24. Rxd1 Ke6 25. b3 Bf8 26. Rd5 Be7 27. Kd2
Bb4+ 28. Kd3 Be7 29. Kd2 Bb4+ 30. Kd3 Be7 31. Kd2 {Game drawn by repetition}
1/2-1/2

[Event "Team 45 45 League T39"]
[Site "Internet Chess Club"]
[Date "2008.11.18"]
[Round "4"]
[White "primerpaso"]
[Black "AVEMARIA"]
[Result "1-0"]
[WhiteElo "1882"]
[BlackElo "1717"]
[Opening "English opening"]
[ECO "A17"]
[Time "17:08:33"]
[TimeControl "2700+45"]

1. c4 Nf6 2. Nc3 e6 3. g3 c5 4. Bg2 Nc6 5. Nf3 a6 6. O-O Be7 7. d4 cxd4 8. Nxd4
Qc7 9. b3 O-O 10. Bb2 d6 11. Rc1 Bd7 12. e4 Rad8 13. Nd5 exd5 14. cxd5 Qc8 15.
dxc6 bxc6 16. Re1 Ng4 17. Nf5 Bxf5 18. exf5 Nxf2 19. Kxf2 Qxf5+ 20. Qf3 Qxf3+
21. Bxf3 Bg5 22. Rxc6 d5 23. Rd1 Rfe8 24. Bxd5 Be3+ 25. Kf1 Re7 26. Bf3 Rxd1+
27. Bxd1 f5 28. Rxa6 f4 29. Ra8+ Kf7 30. gxf4 Bxf4 31. Bc2 Bxh2 32. Bxh7 Bd6 33.
Bg8+ {Black resigns} 1-0

[Event "Team 45 45 League T39"]
[Site "Internet Chess Club"]
[Date "2008.11.16"]
[Round "4"]
[White "frankd"]
[Black "hondocando"]
[Result "1/2-1/2"]
[WhiteElo "1505"]
[BlackElo "1608"]
[Opening "Réti opening"]
[ECO "A04"]
[Time "17:22:20"]
[TimeControl "2700+45"]

1. Nf3 c5 2. g3 b6 3. Bg2 Bb7 4. O-O g6 5. d3 Bg7 6. e4 Nc6 7. c3 e5 8. Nbd2
Nge7 9. Nc4 O-O 10. Nd6 Qc7 11. Nxb7 Qxb7 12. Be3 f5 13. exf5 Nxf5 14. Bd2 d6
15. a3 Qe7 16. Ng5 Rac8 17. Re1 h6 18. Nf3 Nd8 19. h4 Ne6 20. Nh2 Qf7 21. Rf1
Kh7 22. Ng4 h5 23. Ne3 Ne7 24. Nd5 Nc7 25. Nxe7 Qxe7 26. b4 Bh6 27. Bxh6 Kxh6
28. Qd2+ Kh7 29. a4 Rcd8 30. a5 b5 31. Qe3 Na6 32. Rab1 cxb4 33. cxb4 d5 34.
Rfe1 Rfe8 35. f4 Nxb4 36. Qd2 Nc6 37. fxe5 a6 38. d4 Qc7 39. Rbc1 Qxa5 40. Qxa5
Nxa5 41. Rc7+ Kh6 42. Rf1 Rf8 43. Rxf8 Rxf8 44. Bxd5 Rd8 45. Bf7 Rxd4 46. e6 Kg7
47. Rc8 Re4 48. Rg8+ Kf6 49. Rxg6+ Ke7 50. Rh6 Nc6 51. Rxh5 Nd8 52. Kf2 Nxf7 53.
exf7 Kxf7 54. Kf3 Re1 55. g4 b4 56. g5 b3 57. Rh7+ Kg8 58. Rb7 Rh1 59. Kg2 Rxh4
60. Rxb3 Rg4+ 61. Kf3 Rxg5 62. Rb8+ Kf7 63. Ra8 Ra5 64. Ke3 Ke6 65. Kd4 Kd6 66.
Kc4 Kc6 67. Kb4 Rb5+ 68. Ka4 Rb1 69. Rxa6+ Kc5 70. Ra5+ Kb6 71. Rh5 Ra1+ 72. Kb3
{Game drawn by mutual agreement} 1/2-1/2

[Event "Team 45 45 League T39"]
[Site "Internet Chess Club"]
[Date "2008.11.21"]
[Round "4"]
[White "DavidBarnsley"]
[Black "PandorasBox"]
[Result "0-1"]
[WhiteElo "2046"]
[BlackElo "2240"]
[Opening "Dutch: Leningrad, main variation with c6"]
[ECO "A88"]
[Time "16:01:31"]
[TimeControl "2700+45"]

1. d4 f5 2. g3 g6 3. Bg2 Bg7 4. Nf3 Nf6 5. O-O O-O 6. c4 d6 7. Nc3 c6 8. d5 e5
9. dxe6 Bxe6 10. Qd3 Re8 11. Bf4 Ne4 12. Nd4 Nxc3 13. Nxe6 Rxe6 14. bxc3 Na6 15.
Rad1 Qa5 16. c5 Nxc5 17. Qc4 Qa4 18. Qb4 Qxb4 19. cxb4 Ne4 20. e3 d5 21. b5 Rc8
22. bxc6 bxc6 23. Rb1 Re7 24. Bxe4 fxe4 25. Bd6 Rd7 26. Bc5 Kf7 27. Rb3 Ke6 28.
Ra3 Bf8 29. Bxf8 Rxf8 30. Ra6 Kd6 31. Rc1 Rc7 32. Rc3 Rb8 33. Rca3 Rbb7 34. Kf1
Rf7 35. Rc3 Rb1+ 36. Kg2 Rb6 37. Ra5 Rb2 38. Ra6 Rfxf2+ 39. Kh3 Rxh2+ 40. Kg4
Rb6 41. Rxa7 c5 42. Ra5 Rc6 43. Ra8 Ke5 44. Re8+ Kf6 45. Rd8 h5+ {White resigns}
0-1

[Event "Team 45 45 League T39"]
[Site "Internet Chess Club"]
[Date "2008.11.16"]
[Round "4"]
[White "Despair"]
[Black "Zebbile"]
[Result "1/2-1/2"]
[WhiteElo "1949"]
[BlackElo "1979"]
[Opening "English: Symmetrical, Keres defense"]
[ECO "A00"]
[Time "07:28:16"]
[TimeControl "2700+45"]

1. g3 d5 2. Bg2 c5 3. c4 Nf6 4. Nf3 Nc6 5. cxd5 Nxd5 6. Nc3 e6 7. O-O Be7 8. e4
Ndb4 9. b3 O-O 10. Bb2 Nd3 11. Qc2 Ncb4 12. Qb1 Bf6 13. a3 Nxb2 14. axb4 Nd3 15.
bxc5 Nxc5 16. b4 Nd3 17. Ra3 Ne5 18. Nxe5 Bxe5 19. Rd1 Qf6 20. f4 Bd4+ 21. Kh1
e5 22. Nd5 Qd6 23. Rd3 Bg4 24. Bf3 Bxf3+ 25. Rxf3 f5 26. fxe5 Qxe5 27. Qb3 Kh8
28. exf5 Rxf5 29. Rxf5 Qxf5 30. Re1 Qf2 31. Qd1 Qf5 32. Ne7 Qf6 33. Qe2 g6 34.
Rf1 Qg7 35. Qe4 Bf6 36. Qxb7 Re8 37. Qc6 Qxe7 38. Qxf6+ Qxf6 39. Rxf6 Rd8 40.
Ra6 Rxd2 41. Rxa7 Rb2 {Game drawn by mutual agreement} 1/2-1/2

[Event "Team 45 45 League T39"]
[Site "Internet Chess Club"]
[Date "2008.11.17"]
[Round "4"]
[White "Zornorph"]
[Black "fishhead"]
[Result "1-0"]
[WhiteElo "2078"]
[BlackElo "1839"]
[Opening "English: Mikenas-Carls variation"]
[ECO "A18"]
[Time "14:01:45"]
[TimeControl "2700+45"]

1. c4 Nf6 2. Nc3 e6 3. e4 Bb4 4. e5 Bxc3 5. dxc3 Ne4 6. Qg4 d5 7. Qxg7 Rf8 8. f3
Nc5 9. Bg5 Qd7 10. Bh6 Qe7 11. Qxh7 Nc6 12. Bxf8 Qxf8 13. cxd5 Nxe5 14. O-O-O
Bd7 15. dxe6 Nxe6 16. Qe4 Nc6 17. Bb5 Qh6+ 18. Kb1 Qg5 19. Qd5 Qe7 20. Ne2 O-O-O
21. Qc4 Rg8 22. g3 Rg5 23. Rhe1 a6 24. Bxc6 Bxc6 25. Nd4 Rc5 26. Qe2 Bd5 27. f4
Bc4 28. Qg4 Kb8 29. f5 {Black resigns} 1-0

[Event "Team 45 45 League T39"]
[Site "Internet Chess Club"]
[Date "2008.11.14"]
[Round "4"]
[White "matein7"]
[Black "kabindra"]
[Result "1-0"]
[WhiteElo "1829"]
[BlackElo "1786"]
[Opening "QGD: 6.Nf3"]
[ECO "D55"]
[Time "13:08:22"]
[TimeControl "2700+45"]

1. d4 d5 2. c4 e6 3. Nc3 Nf6 4. Bg5 Be7 5. Nf3 O-O 6. e3 b6 7. cxd5 exd5 8. Bd3
c5 9. O-O c4 10. Be2 Nc6 11. Nd2 a6 12. Bf3 Be6 13. Nxc4 Rc8 14. Nd2 b5 15. Nb3
b4 16. Na4 Bf5 17. Qe2 Ne4 18. Bxe7 Nxe7 19. Rfc1 a5 20. Rxc8 Qxc8 21. Rc1 Qe6
22. Qb5 Qg6 23. Qxa5 Ng5 24. Nd2 Nh3+ 25. Kf1 Bd3+ 26. Ke1 Ng5 27. Bxd5 Qh5 28.
Nf3 Nxf3+ 29. gxf3 Qxd5 30. Qxd5 Nxd5 31. Kd2 Bb5 32. Nc5 g6 33. Ne4 Rd8 34. Rc5
Bf1 35. Rxd5 Ra8 36. Kc2 Bc4 37. Rc5 Bxa2 38. b3 Ra3 39. Nd2 Kg7 40. Kb2 Ra6 41.
Rc1 {Black resigns} 1-0

[Event "Team 45 45 League T39"]
[Site "Internet Chess Club"]
[Date "2008.11.17"]
[Round "4"]
[White "Ser-Enigma"]
[Black "DaPaz"]
[Result "1-0"]
[WhiteElo "2148"]
[BlackElo "1907"]
[Opening "Queen's Indian: Capablanca variation"]
[ECO "E16"]
[Time "14:00:05"]
[TimeControl "2700+45"]

1. d4 Nf6 2. c4 e6 3. Nf3 b6 4. g3 Bb7 5. Bg2 Bb4+ 6. Bd2 Qe7 7. Nc3 O-O 8. a3
Bxc3 9. Bxc3 Ne4 10. Rc1 d6 11. b3 Nxc3 12. Rxc3 Nd7 13. O-O f5 14. d5 e5 15. b4
a5 16. Qc1 h6 17. e4 axb4 18. axb4 fxe4 19. Nd2 Nf6 20. Nxe4 Ra4 21. Nxf6+ Rxf6
22. Be4 Bc8 23. Bc2 Ra8 24. c5 Bh3 25. cxb6 cxb6 26. Rd1 Raf8 27. Rd2 Qf7 28.
Rc7 Qh5 29. Bd1 Qg5 30. Qc3 h5 31. Ra2 Qf5 32. Qe1 Qd3 33. Raa7 R8f7 34. Ra8+
Rf8 35. Raa7 R8f7 36. Rxf7 Rxf7 37. Rxf7 Kxf7 38. Bxh5+ g6 39. Qd1 Bf5 40. Qxd3
Bxd3 41. Bg4 Kf6 42. f3 e4 43. f4 e3 44. h4 Be4 45. Kf1 Bd3+ 46. Ke1 Bc4 47. Be6
Bd3 48. g4 Bc4 49. g5+ Kg7 50. f5 gxf5 51. Bxf5 Kf7 52. h5 Bb5 53. h6 Bc4 54.
Be4 {Black resigns} 1-0

[Event "Team 45 45 League T39"]
[Site "Internet Chess Club"]
[Date "2008.11.15"]
[Round "4"]
[White "Pawntrader66"]
[Black "Gaia"]
[Result "1/2-1/2"]
[WhiteElo "1968"]
[BlackElo "1964"]
[Opening "Réti: Nimzovich-Larsen attack"]
[ECO "A06"]
[Time "14:06:21"]
[TimeControl "2700+45"]

1. Nf3 d5 2. b3 Nf6 3. Bb2 Bf5 4. e3 h6 5. Ne5 e6 6. f4 Nbd7 7. Be2 Bd6 8. O-O
c5 9. Nxd7 Qxd7 10. d3 Qc6 11. Nd2 b5 12. a4 a6 13. axb5 axb5 14. Rxa8+ Qxa8 15.
e4 dxe4 16. dxe4 Bxe4 17. Nxe4 Nxe4 18. Bxb5+ Ke7 19. Qe2 Nf6 20. Ra1 Qb7 21.
Be5 Rd8 22. Rd1 Bxe5 23. Rxd8 Kxd8 24. fxe5 Nd7 25. c4 Qc7 26. Qd3 Ke7 27. Bxd7
Qxd7 28. Qe3 Qc7 29. h3 Kd8 30. Qe4 Ke7 31. Qe3 Qa5 32. Kh2 Qc7 33. Kg1 {Game
drawn by repetition} 1/2-1/2

[Event "Team 45 45 League T39"]
[Site "Internet Chess Club"]
[Date "2008.11.12"]
[Round "4"]
[White "cityprosecutor"]
[Black "charles-allen"]
[Result "0-1"]
[WhiteElo "1795"]
[BlackElo "1894"]
[Opening "Petrov three knights game"]
[ECO "C42"]
[Time "17:57:54"]
[TimeControl "2700+45"]

1. e4 e5 2. Nf3 Nf6 3. Nc3 Bb4 4. Bc4 O-O 5. O-O Bxc3 6. dxc3 d6 7. Re1 Be6 8.
Bd3 Bg4 9. Qe2 Nbd7 10. b4 a5 11. Bd2 Re8 12. a3 Nf8 13. Bc4 Qd7 14. Qd3 Ng6 15.
Ng5 Be6 16. Nxe6 fxe6 17. Bg5 Nf4 18. Qf3 N6h5 19. g4 h6 20. Bxh6 gxh6 21. gxh5
Kh8 22. Kh1 Rg8 23. Rg1 Rg5 24. Rxg5 hxg5 25. Rg1 Rg8 26. Qg4 Qc6 27. Bd3 Qxc3
28. h4 axb4 29. axb4 Rf8 30. Qxg5 {White resigns} 0-1

[Event "Team 45 45 League T39"]
[Site "Internet Chess Club"]
[Date "2008.11.16"]
[Round "4"]
[White "Paulkov"]
[Black "Fezzik"]
[Result "0-1"]
[WhiteElo "1867"]
[BlackElo "1983"]
[Opening "French: classical, Steinitz variation"]
[ECO "C14"]
[Time "20:00:12"]
[TimeControl "2700+45"]

1. e4 e6 2. d4 d5 3. Nc3 Nf6 4. Bg5 Be7 5. e5 Nfd7 6. Bxe7 Qxe7 7. f4 O-O 8. Nf3
c5 9. Qd2 Nc6 10. O-O-O f6 11. exf6 Nxf6 12. dxc5 Qxc5 13. Bd3 Bd7 14. Rhe1 Rae8
15. Kb1 a6 16. Ne5 Nxe5 17. Rxe5 Ng4 18. Nxd5 Nxe5 19. fxe5 exd5 20. Qg5 Qe7 21.
Qh5 g6 22. Qh6 Bf5 {White resigns} 0-1

[Event "Team 45 45 League T39"]
[Site "Internet Chess Club"]
[Date "2008.11.21"]
[Round "4"]
[White "AronT"]
[Black "AntonioMendonca"]
[Result "0-1"]
[WhiteElo "1751"]
[BlackElo "1685"]
[Opening "King's Indian: 5.Nf3"]
[ECO "E90"]
[Time "18:50:42"]
[TimeControl "2700+45"]

1. d4 Nf6 2. c4 g6 3. Nc3 Bg7 4. e4 d6 5. Nf3 O-O 6. h3 e5 7. d5 a5 8. Be3 Na6
9. Qd2 Nc5 10. Bxc5 dxc5 11. Nxe5 Nxe4 12. Nxe4 Bxe5 13. Nxc5 Re8 14. Be2 Qf6
15. Nd3 Bf5 16. Nxe5 Rxe5 17. O-O Rae8 18. Rfe1 b6 19. b3 Rxe2 20. Rxe2 Qxa1+
21. Kh2 Rxe2 22. Qxe2 Qf6 23. Qe8+ Kg7 24. Qb8 Qd6+ 25. Kg1 Bb1 26. a3 Ba2 27.
b4 axb4 {White resigns} 0-1